Map: King's Cove LE

Players

TaylerDarden - Winner!

  • Race: Zerg Zerg
  • League: Gold
  • Spawn Location: 5:00

Mez

  • Race: Terran Terran
  • League: Master
  • Spawn Location: 11:00

VOD

Have the link to the VOD?

Description

Time

  • Played on: July 28, 2019, 7:34 a.m.
  • Length: 8:40
Show
View Real Time Build Order
Export as new Build Order

TaylerDarden Zerg - Winner!

Build Orders: Pool First 

Get SALT Encoding   

  12  0:01  Drone  
  13  0:12  Overlord  
  13  0:18  Drone  
  14  0:31  Drone x2  
  14  0:34  Drone  
  17  0:46  Spawning Pool  
  17  0:48  Drone  
  17  1:10  Hatchery  
  16  1:14  Drone, Extractor  
  16  1:17  Drone  
  17  1:33  Zergling x2  
  17  1:34  Zergling x2  
  17  1:39  Queen  
  21  1:42  Drone  
  22  1:51  Drone, Extractor  
  23  1:55  Roach Warren  
  23  1:58  Extractor  
  23  2:00  Drone  
  23  2:12  Overlord  
  23  2:22  Overlord  
  22  2:46  Roach x2  
  22  2:47  Roach  
  22  2:50  Roach x3  
  34  2:57  Roach x2  
  38  3:03  Overlord  
  38  3:14  Overlord  
  38  3:15  Drone x2  
  40  3:25  Ravager  
  41  3:27  Drone x2  
  41  3:28  Drone  
  44  3:44  Drone x4  
  48  3:50  Overlord  
  48  4:07  Drone x3  
  48  4:08  Drone x2  
  53  4:11  Drone  
  53  4:13  Drone  
  55  4:17  Queen  
  55  4:21  Metabolic Boost  
  57  4:31  Hatchery  
  56  4:42  Drone x2  
  56  4:43  Drone x3  
  56  4:45  Extractor x2  
  60  4:48  Baneling Nest  
  60  4:49  Drone x2  
  60  5:00  Overlord x3  
  60  5:14  Lair  
  60  5:19  Zergling x4  
  60  5:20  Zergling x4  
  64  5:34  Zergling x10  
  64  5:35  Zergling x2  
  70  5:37  Roach  
  70  5:44  Drone x3  
  70  5:45  Drone  
  70  5:47  Queen  
  76  5:53  Zergling x4  
  76  5:54  Ravager  
  78  5:57  Ravager  
  78  5:58  Ravager  
  78  5:59  Ravager  
  78  6:01  Zergling x10  
  86  6:12  Centrifical Hooks  
  86  6:13  Overlord x3  
  86  6:14  Overlord  
  86  6:16  Baneling x4  
  86  6:34  Drone x5  
  86  6:35  Drone x5  
  96  6:42  Hydralisk Den  
  95  6:50  Zergling x8  
  95  6:51  Zergling x4  
  95  6:52  Queen  
  103  6:55  Zergling x2  
  104  7:11  Zergling x14  
  104  7:12  Zergling x6  
  104  7:15  Baneling  
  114  7:16  Baneling x12  
  114  7:17  Baneling  
  114  7:24  Overlord x2  
  114  7:25  Extractor  
  113  7:31  Zergling x4  
  113  7:32  Zergling x4  
  117  7:38  Baneling x8  
  117  7:39  Baneling x4  
  117  7:41  Zergling x2  
  117  7:42  Zergling x2  
  119  7:44  Overseer  
  117  8:04  Zergling x6  
  117  8:05  Zergling x12  
  119  8:15  Zergling x8  
  119  8:16  Zergling x4  
Show
View Real Time Build Order
Export as new Build Order

Mez Terran 

Build Orders: Reaper Expand 

Get SALT Encoding   

  12  0:00  SCV  
  13  0:13  SCV  
  14  0:18  Supply Depot  
  14  0:26  SCV  
  15  0:40  SCV  
  15  0:41  Barracks  
  16  0:46  Refinery  
  16  0:52  SCV  
  18  1:04  SCV  
  18  1:16  SCV  
  19  1:29  Orbital Command  
  19  1:30  Reaper  
  20  1:43  Command Center  
  20  1:57  SCV  
  20  1:59  Barracks  
  21  2:04  Barracks Reactor  
  21  2:09  SCV  
  22  2:23  Barracks, Supply Depot  
  22  2:27  SCV  
  23  2:41  Marine  
  23  2:45  Marine  
  23  2:47  Barracks Tech Lab  
  24  2:53  SCV  
  25  3:00  Marine  
  25  3:04  Marine  
  25  3:05  SCV  
  28  3:11  Marine  
  29  3:16  Marine, Orbital Command  
  29  3:17  SCV  
  31  3:20  Marine  
  31  3:21  Marine  
  33  3:29  Combat Shield  
  33  3:30  SCV  
  33  3:45  Marine x2  
  34  3:49  SCV x2  
  34  3:53  Marine  
  34  3:54  Marauder  
  39  4:01  SCV  
  39  4:02  Marine, Orbital Command  
  38  4:11  Marine  
  40  4:17  Marine, Marauder  
  40  4:22  Command Center, Supply Depot  
  42  4:28  SCV x2  
  44  4:34  Refinery  
  44  4:40  SCV  
  44  4:41  SCV  
  46  4:49  Stimpack  
  46  4:53  SCV x2  
  48  5:05  SCV x2  
  48  5:07  Engineering Bay  
  50  5:08  Barracks Reactor  
  50  5:09  Barracks Reactor, Marine  
  51  5:17  SCV x2, Supply Depot  
  53  5:29  SCV  
  53  5:31  Factory  
  53  5:34  SCV  
  53  5:35  Orbital Command  
  55  5:38  Supply Depot  
  55  5:42  Marine  
  56  5:43  SCV  
  56  5:46  SCV, Marine x4, Terran Infantry Weapons Level 1  
  62  5:54  Orbital Command  
  62  5:55  Barracks  
  62  5:56  Barracks  
  62  5:57  SCV  
  62  5:58  SCV  
  62  6:00  Refinery  
  64  6:08  Marine x3  
  64  6:09  SCV  
  64  6:10  SCV  
  69  6:13  Supply Depot  
  69  6:17  Starport, Factory Reactor  
  69  6:20  SCV  
  69  6:21  SCV  
  69  6:22  SCV  
  72  6:28  Marine x3  
  72  6:29  Marine x2  
  72  6:32  SCV  
  77  6:33  SCV  
  77  6:36  SCV, Supply Depot  
  79  6:44  SCV  
  79  6:45  Barracks Reactor x2, SCV  
  81  6:49  SCV  
  82  6:56  SCV  
  82  6:57  SCV  
  82  6:58  Concussive Shells  
  86  7:03  Command Center  
  86  7:05  SCV  
  85  7:09  SCV  
  85  7:10  Marine x5  
  85  7:11  Medivac x2  
  94  7:26  Barracks  
  94  7:27  Armory, Barracks  
  94  7:28  Barracks  
  94  7:29  Engineering Bay  
  94  7:30  Marine  
  94  7:31  Marine x6  
  101  7:38  Supply Depot  
  101  7:42  Supply Depot  
  101  7:43  Supply Depot  
  101  7:45  Supply Depot  
  101  7:57  SCV  
  101  8:00  SCV, Marine x3, Medivac x2  
  101  8:01  Marine  
  101  8:02  SCV, Marauder  
  93  8:09  SCV  
  93  8:11  Marine x2  
  93  8:12  Marine x2  
  92  8:14  SCV  
  92  8:17  Marine  
Tags
 
Add a new tag
Caveats
  • Supply blocks, unpowered buildings, or Contaminate may cause inaccurate times.
  • Supply counts are checked every 10 seconds.